 Dungeon Crawl Stone Soup version 0.17-a0-18-gc25b939 (console) character file.

311 Monkaria the Chopper (level 6, -4/56 HPs)
             Began as a Hill Orc Gladiator on Mar 12, 2015.
             Was a Follower of Beogh.
             Slain by an ogre
             ... wielding a +0 giant club
              (19 damage)
             ... on level 4 of the Dungeon.
             The game lasted 00:05:13 (3435 turns).

Monkaria the Chopper (Hill Orc Gladiator)           Turns: 3435, Time: 00:05:13

Health: -4/56      AC:  4    Str: 18    XL:     6   Next: 42%
Magic:  6/6        EV: 12    Int:  8    God:    Beogh [*.....]
Gold:   192        SH:  0    Dex: 13    Spells: 0 memorised, 5 levels left

rFire  + . .     SeeInvis .     a - +0 war axe
rCold  . . .     Clarity  .     b - +0 leather armour
rNeg   . . .     SustAb   .     (no shield)
rPois  .         Gourm    .     c - +0 helmet
rElec  .         Spirit   .     (no cloak)
rCorr  .         Warding  .     (no gloves)
rMut   .         Stasis   .     (no boots)
MR     .....                    (no amulet)
Stlth  ++........               x - ring of stealth
                                g - ring of protection from fire

@: not resistant to hostile enchantments, unstealthy
A: no striking features
a: Renounce Religion


You were on level 4 of the Dungeon.
You worshipped Beogh.
Beogh was aware of your devotion.
You were not hungry.

You visited 2 branches of the dungeon, and saw 5 of its levels.

You collected 192 gold pieces.

Inventory:

Hand weapons
 a - a +0 war axe (weapon)
Missiles
 d - 4 throwing nets (quivered)
 m - 6 javelins
 p - 13 poisoned needles
Armour
 b - a +0 leather armour (worn)
 c - a +0 helmet (worn)
Jewellery
 g - a ring of protection from fire (left hand)
 x - a ring of stealth (right hand)
Scrolls
 e - a scroll of noise {unknown}
 j - 5 scrolls of identify {unknown}
 l - a scroll of enchant weapon {unknown}
 n - 4 scrolls of remove curse {unknown}
 s - a scroll of fear {unknown}
Potions
 i - a potion of flight {unknown}
 k - a potion of restore abilities {unknown}
 r - 2 potions of might {unknown}
 t - 2 potions of brilliance {unknown}
 w - a potion of cancellation {unknown}
Comestibles
 f - a meat ration
 o - a slice of pizza
 q - 5 fruits
 v - a bread ration


   Skills:
 + Level 5.0 Fighting
 * Level 7.5 Axes
 - Level 2.0 Throwing
 - Level 0.2 Armour
 - Level 2.6 Dodging


You had 5 spell levels left.
You didn't know any spells.

Dungeon Overview and Level Annotations

Branches:
Dungeon (4/15)             Temple (1/1) D:4

Altars:
Ashenzari
Elyvilon
Kikubaaqudgha
Makhleb
Nemelex Xobeh
Okawaru
Qazlal
Ru
Sif Muna
Trog
Vehumet
Yredelemnul
Zin
The Shining One


Message History

There is a stone staircase leading up, spattered with blood here.
You hit the ogre.
The ogre is lightly wounded.
You slash the giant newt!
You kill the giant newt!
Beogh accepts your kill. The ogre hits you with a giant club!
You slash the ogre!
The ogre is heavily wounded.
You hit the ogre.
The ogre is heavily wounded.
The ogre hits you with a giant club!
* * * LOW HITPOINT WARNING * * *
Drink which item? (? for menu, Esc to quit)
You feel better. The ogre hits you with a giant club!
Beogh protects you from harm!
You hit the ogre but do no damage.
The ogre is heavily wounded.
The ogre hits you with a giant club!!
You die...

####... ##.8.#...#
.......##........#
........#8.>.8#..#
#..............#..# #
##.......#.8.##..# #
##......)..#####..# #####
#...........####..###....
...##..O.................
. ###.@†.....##...#####
#......####..## #
##....## #..# #...## #..#
#.... ...# #..... ....#
....... ..... ....#####
###. ##..#


You could see an ogre.

Vanquished Creatures
  A phantom (D:4)
  2 orc wizards
  7 gnolls (D:3)
  4 adders
  4 worms
  A giant gecko (D:3)
  5 orcs
  A ball python (D:2)
  9 bats
  4 giant cockroaches
  6 hobgoblins
  2 jackals (D:4)
  5 giant newts
  12 goblins
  5 kobolds
  3 quokkas
  6 rats
77 creatures vanquished.

Vanquished Creatures (others)
  An orc (D:3)
  A bat (D:3)
  A goblin (D:3)
  A hobgoblin (D:3)
  A quokka (D:3)
  A kobold (D:3)
6 creatures vanquished.

Grand Total: 83 creatures vanquished

Notes
Turn   | Place    | Note
--------------------------------------------------------------
     0 | D:1      | Monkaria, the Hill Orc Gladiator, began the quest for the Orb.
     0 | D:1      | Reached XP level 1. HP: 18/18 MP: 1/1
   232 | D:1      | Reached XP level 2. HP: 25/25 MP: 2/2
   875 | D:2      | Reached XP level 3. HP: 12/30 MP: 3/3
  1224 | D:2      | Reached skill level 5 in Axes
  1508 | D:3      | Reached XP level 4. HP: 39/39 MP: 4/4
  1783 | D:3      | Became a worshipper of Beogh the Brigand
  1793 | D:3      | Reached skill level 6 in Axes
  1793 | D:3      | Reached XP level 5. HP: 35/46 MP: 5/5
  1870 | D:3      | Found an iron altar of Okawaru.
  2151 | D:3      | Found a glowing silver altar of Zin.
  2813 | D:3      | Acquired Beogh's first power
  2935 | D:4      | Found a staircase to the Ecumenical Temple.
  2963 | Temple   | Entered the Ecumenical Temple
  3160 | D:4      | Noticed a phantom
  3294 | D:4      | Killed a phantom
  3294 | D:4      | Reached skill level 5 in Fighting
  3294 | D:4      | Reached skill level 7 in Axes
  3294 | D:4      | Reached XP level 6. HP: 38/56 MP: 6/6
  3315 | D:4      | Noticed an ogre
  3434 | D:4      | Beogh protects you from harm!
  3435 | D:4      | Slain by an ogre

Action                   |  1- 3 |  4- 6 || total
-------------------------+-------+-------++-------
Melee: War axe           |    82 |   134 ||   216
Invok: Convert to Beogh  |       |     1 ||     1
  Use: Potion            |       |     2 ||     2
  Eat: Chunk             |     2 |     6 ||     8
